 Dungeon Crawl Stone Soup version 0.29-a0-495-g17b79114eb (webtiles) character file.

Game seed: 3622913486134157089

69330 siradein the Geomancer (level 15, -5/97 HPs)
             Began as a Gargoyle Earth Elementalist on May 27, 2022.
             Was a High Priest of Vehumet.
             Slain by a death yak (16 damage)
             ... on level 6 of the Lair of Beasts.
             The game lasted 01:17:04 (24140 turns).

siradein the Geomancer (GrEE)                      Turns: 24140, Time: 01:17:05

Health: -5/97      AC: 37    Str: 13    XL:     15   Next: 29%
Magic:  13/30      EV: 15    Int: 19    God:    Vehumet [*****.]
Gold:   1480       SH:  3    Dex: 10    Spells: 11/36 levels left

rFire   + + .      SeeInvis +   C - staff of conjuration
rCold   . . .      Faith    .   E - +0 buckler
rNeg    + + .      Spirit   .   y - +5 ring mail "Jeorphag" {rN+ SInv}
rPois   ∞          Reflect  .   h - +2 helmet of the Arena {Fly rF++ Will+++ Int-3}
rElec   +          Harm     .   J - +2 cloak
rCorr   .          Rampage  .   (no gloves)
Will    ++++.                   I - +1 pair of boots
Stlth   +.........              s - amulet of magic regeneration
HPRegen 0.26/turn               W - +4 ring of evasion
MPRegen 0.62/turn               T - +4 ring of protection

@: flying
A: sickness immunity, AC +11, big wings, negative energy resistance 1,
electricity resistance, torment resistance 1, petrification resistance
a: Renounce Religion


You were on level 6 of the Lair of Beasts.
You worshipped Vehumet.
Vehumet was extremely pleased with you.
You visited 3 branches of the dungeon, and saw 18 of its levels.
You also visited: Bailey.

You collected 1480 gold pieces.

Inventory:

Hand Weapons
 G - the +10 flail of Laceration {flame, Will+ rCorr Str+4 Int-2}
   (You found it on level 4 of the Lair of Beasts)

   It burns those it strikes, dealing additional fire damage.
   Str:       It affects your strength (+4).
   Int:       It affects your intelligence (-2).
   rCorr:     It protects you from acid and corrosion.
   Will:      It increases your willpower.
 U - the +8 hunting sling "Mot Zew" {flame, rN+ Will++ Int+4}
   (You found it on level 10 of the Dungeon)

   Any ammunition fired from it burns those it strikes, dealing additional fire
   damage.
   Int:       It affects your intelligence (+4).
   rN:        It protects you from negative energy.
   Will:      It greatly increases your willpower.
Missiles
 a - 455 stones
 R - 5 curare-tipped darts
Armour
 h - the +2 helmet of the Arena (worn) {Fly rF++ Will+++ Int-3}
   (You found it on level 5 of the Dungeon)

   Int:       It affects your intelligence (-3).
   rF:        It greatly protects you from fire.
   Fly:       It grants you flight.
   Will:      It greatly increases your willpower.
 y - the +5 ring mail "Jeorphag" (worn) {rN+ SInv}
   (You found it on level 3 of the Dungeon)

   rN:        It protects you from negative energy.
   SInv:      It lets you see invisible.
 E - a +0 buckler (worn)
 I - a +1 pair of boots (worn)
 J - a +2 cloak (worn)
Magical Staves
 C - a staff of conjuration (weapon)
Jewellery
 s - an amulet of magic regeneration (around neck)
 B - a ring of protection from fire
 T - a +4 ring of protection (right hand)
 V - a ring of willpower
 W - a +4 ring of evasion (left hand)
Wands
 d - a wand of charming (7)
 f - a wand of polymorph (13)
 r - a wand of flame (24)
 x - a wand of acid (6)
 H - a wand of paralysis (5)
 N - a wand of iceblast (8)
 Q - a wand of digging (8)
 Y - a wand of mindburst (12)
Scrolls
 j - 7 scrolls of fear
 k - a scroll of brand weapon {unknown}
 l - a scroll of silence
 p - 4 scrolls of torment
 t - 4 scrolls of poison
 u - 6 scrolls of teleportation
 w - 6 scrolls of amnesia
 z - 3 scrolls of blinking
 A - 3 scrolls of enchant weapon
 L - 2 scrolls of summoning
 M - a scroll of immolation {unknown}
 S - 2 scrolls of magic mapping
Potions
 b - 3 potions of resistance
 c - 4 potions of magic
 e - 6 potions of lignification
 g - 3 potions of haste
 i - 7 potions of might
 m - 10 potions of heal wounds
 n - 2 potions of brilliance
 o - 2 potions of ambrosia {unknown}
 q - a potion of experience {unknown}
 v - 12 potions of curing
 D - 2 potions of mutation
 F - 2 potions of berserk rage
 K - a potion of invisibility {unknown}
 O - a potion of cancellation {unknown}
 P - 5 potions of attraction {unknown}
 Z - a potion of flight {unknown}
Miscellaneous
 X - a phial of floods


   Skills:
 + Level 12.4 Fighting
 + Level 12.4 Armour
 + Level 5.5 Dodging
 - Level 2.1 Stealth
 + Level 11.4 Spellcasting
 + Level 12.9 Conjurations
 - Level 0.7 Transmutations
 + Level 14.8 Earth Magic


You had 11 spell levels left.
You knew the following spells:

 Your Spells              Type           Power      Damage    Failure   Level
a - Sandblast             Erth           100%       2d20      1%          1
b - Stone Arrow           Conj/Erth      100%       3d13      1%          3
c - Passwall              Tmut/Erth      33%        N/A       1%          2
d - Fireball              Conj/Fire      26%        3d12      9%          5
e - Shatter               Erth           30%        3d25*     100%        9
f - Lee's Rapid Deconstr  Erth           30%        3d17*     1%          5

Your spell library contained the following spells:

 Spells                   Type           Power      Damage    Failure   Level
 Magic Dart               Conj           100%       1d8       1%          1
 Static Discharge         Conj/Air       52%        N/A       1%          2
 Mephitic Cloud           Conj/Pois/Air  40%        N/A       2%          3
 Iskenderun's Mystic Bla  Conj/Tloc      52%        2d11      3%          4
 Petrify                  Tmut/Erth      40%        N/A       6%          4
 Inner Flame              Hex/Fire       10%        N/A       13%         3
 Slow                     Hex            40%        N/A       16%         1
 Freezing Cloud           Conj/Ice/Air   20%        6-21      19%         5
 Borgnjor's Vile Clutch   Necr/Erth      19%        N/A       21%         5
 Call Imp                 Summ           10%        N/A       24%         2
 Ensorcelled Hibernation  Hex/Ice        20%        N/A       24%         2
 Spider Form              Tmut/Pois      12%        N/A       38%         3
 Conjure Ball Lightning   Conj/Air       26%        3x3d7     38%         6
 Confusing Touch          Hex            10%        N/A       43%         3
 Gell's Gravitas          Tloc           10%        N/A       43%         3
 Lesser Beckoning         Tloc           10%        N/A       43%         3
 Ozocubu's Armour         Ice            10%        N/A       43%         3
 Swiftness                Air            10%        N/A       43%         3
 Teleport Other           Tloc           10%        N/A       43%         3
 Vampiric Draining        Necr           10%        2d6       43%         3
 Anguish                  Hex/Necr       5%         N/A       83%         4
 Animate Dead             Necr           10%        N/A       83%         4
 Cause Fear               Hex            5%         N/A       83%         4
 Dispel Undead            Necr           10%        3d9       83%         4
 Summon Lightning Spire   Summ/Air       10%        N/A       83%         4
 Alistair's Intoxication  Tmut/Pois      8%         N/A       98%         5
 Eringya's Noxious Bog    Tmut/Pois      6%         N/A       99%         6
 Haunt                    Necr/Summ      5%         N/A       100%        7
 Ozocubu's Refrigeration  Ice            5%         4d6       100%        7
 Discord                  Hex            5%         N/A       100%        8
 Disjunction              Tloc           5%         N/A       100%        8
 Infestation              Necr           5%         N/A       100%        8
 Chain Lightning          Conj/Air       26%        3d34      100%        9
 Death's Door             Necr           5%         N/A       100%        9
 Fire Storm               Conj/Fire      26%        8d7       100%        9


Dungeon Overview and Level Annotations

Branches:
Dungeon (11/15)            Temple (1/1) D:4            Lair (6/6) D:11
  Swamp (0/4) Lair:4       Spider (0/4) Lair:4        Slime (0/5) Lair:6
    Orc (0/2) D:10         Bailey (visited)

Altars:
Ashenzari
Dithmenos
Elyvilon
Gozag
Hepliaklqana
Kikubaaqudgha
Makhleb
Nemelex Xobeh
Qazlal
Sif Muna
Trog
Vehumet
Wu Jian
Xom
Yredelemnul
Zin
The Shining One


Innate Abilities, Weirdness & Mutations

You are immune to sickness and miasma.
Your stone body is resilient. (AC +11)
You are immune to poison.
Your large and strong wings let you fly.
You resist negative energy. (rN+)
You are resistant to electric shocks. (rElec)
You are resistant to unholy torment.
You are immune to petrification.


Message History

You hit the fungus but do no damage. You block the death yak's attack.
The death yak attacks as you move away! The death yak gores you!
The death yak attacks as you move away! The death yak gores you!
* * * LOW HITPOINT WARNING * * *
Casting: Stone Arrow (safe; 1% risk of failure)
Confirm with . or Enter, or press ? or * to list all spells.
Aiming: Stone Arrow (safe; 1% risk of failure)
Press: ? - help, Shift-Dir - straight line, f - death yak
Aim: a death yak (92% to hit)
You feel a surge of power!
The stone arrow hits the death yak!
The death yak is lightly wounded.
The death yak closely misses you.
Unknown command.
Casting: Stone Arrow (safe; 1% risk of failure)
Confirm with . or Enter, or press ? or * to list all spells.
Aiming: Stone Arrow (safe; 1% risk of failure)
Press: ? - help, Shift-Dir - straight line, f/p - death yak
Aim: a death yak (lightly wounded, 92% to hit)
You feel a surge of power!
The stone arrow hits the death yak.
The death yak is lightly wounded.
The death yak gores you but does no damage.
Unknown command.
Casting: Stone Arrow (safe; 1% risk of failure)
Confirm with . or Enter, or press ? or * to list all spells.
Aiming: Stone Arrow (safe; 1% risk of failure)
Press: ? - help, Shift-Dir - straight line, f/p - death yak
Aim: a death yak (lightly wounded, 92% to hit)
You feel a surge of power!
The stone arrow hits the death yak!
The death yak is moderately wounded.
The death yak gores you!
* * * LOW HITPOINT WARNING * * *
Casting: Stone Arrow (safe; 1% risk of failure)
Confirm with . or Enter, or press ? or * to list all spells.
Aiming: Stone Arrow (safe; 1% risk of failure)
Press: ? - help, Shift-Dir - straight line, f/p - death yak
Aim: a death yak (moderately wounded, 92% to hit)
You feel a surge of power!
The stone arrow hits the death yak!
The death yak is heavily wounded.
The death yak gores you!
You die...

..............................##
............................##.#
P......<....................####
.......................#.#.##
.......Y................###.#
..................P.......#.#
...............Y.Y.###......##
#P#......^....YY#######......#
######.........#@###...P....##
#PP###...#..#..........## ####
##.............P...##
###..............#...###
#...............###....#
###.............### #....P
#........†.[....# #.....
######..............# ###Y....
##.#.#...............###.......


You could see 3 death yaks.

Vanquished Creatures
  An orc warlord (Bailey)
  A bunyip (shapeshifter) (D:11)
  Snorg (Lair:5)
  A fire dragon (D:10)
  2 boulder beetles (D:11)
  An ogre mage (D:10)
  2 hydras (Lair:1)
  2 catoblepae
  A centaur warrior (D:11)
  18 death yaks
  A deep troll shaman (Lair:6)
  4 two-headed ogres
  A fire crab (Lair:5)
  Nergalle (Lair:2)
  A skeletal warrior (D:11)
  2 lindwurms (Lair:6)
  Pikel (D:7)
  A harpy (D:10)
  2 orc knights
  An ugly thing (D:11)
  A will-o-the-wisp (Lair:4)
  8 cyclopes
  A manticore (D:11)
  18 elephants
  6 black mambas
  A torpor snail (Lair:2)
  5 cane toads
  2 kobold demonologists (D:11)
  Maggie (Lair:1)
  3 unseen horrors
  An efreet (D:10)
  4 rime drakes
  10 komodo dragons
  3 trolls (D:11)
  Prince Ribbit (D:5)
  Sigmund (D:5)
  2 jumping spiders (Lair:4)
  A culicivora (Lair:4)
  A shadow (D:11)
  44 yaks
  4 wraiths
  8 wyverns
  A fire elemental (Lair:5)
  3 vampires
  2 basilisks
  2 fire bats (Lair:5)
  Grum (D:9)
  A human (shapeshifter) (D:10)
  4 steam dragons
  5 redbacks (Lair:4)
  2 vampire mosquitoes (D:11)
  Menkaure (D:7)
  4 acid dragons (D:11)
  16 water moccasins
  2 hell hounds (Lair:5)
  15 black bears
  An ice beast (D:7)
  6 orc warriors
  A sky beast (D:8)
  3 ogres
  39 wolves
  8 centaurs
  3 lemures (D:7)
  A kobold brigand (D:10)
  3 gnoll sergeants
  13 bullfrogs
  Blork the orc (D:5)
  2 scorpions (D:5)
  A two-headed ogre simulacrum (D:11)
  4 wights (D:7)
  11 killer bees
  4 howler monkeys
  3 hounds
  15 jellies
  2 gnoll shamans
  7 orc priests
  3 iguanas (D:5)
  10 orc wizards
  A troll simulacrum (D:11)
  2 spriggan simulacra (D:11)
  19 gnolls
  10 adders
  3 shadow imps
  A white imp (D:6)
  An ufetubus (D:5)
  2 worms
  A dart slug (D:4)
  26 orcs
  6 endoplasms
  4 giant cockroaches
  11 goblins
  6 hobgoblins
  A quokka (D:4)
  9 ball pythons
  3 bats
  A frilled lizard (D:1)
  20 kobolds
  3 rats
501 creatures vanquished.

Vanquished Creatures (others)
  An orc wizard (D:7)
  An orc (D:7)
  4 foxfires (Lair:4)
  54 fungi
  64 plants
124 creatures vanquished.

Grand Total: 625 creatures vanquished

Notes
Turn   | Place    | Note
-------+----------+-------------------------------------------
     0 | D:1      | siradein the Gargoyle Earth Elementalist began the quest
                  | for the Orb.
     0 | D:1      | Reached XP level 1. HP: 10/10 MP: 3/3
   259 | D:1      | Reached XP level 2. HP: 15/15 MP: 3/5
   350 | D:1      | Reached skill level 4 in Earth Magic
   628 | D:1      | You fall into a shaft and drop 1 floor!
  1274 | D:2      | Reached XP level 3. HP: 19/19 MP: 4/6
  1658 | D:2      | Learned a level 3 spell: Stone Arrow
  2281 | D:3      | Reached skill level 1 in Conjurations
  2281 | D:3      | Reached XP level 4. HP: 24/24 MP: 8/8
  2312 | D:3      | Identified the +5 ring mail "Jeorphag" {rN+ SInv}
  2744 | D:4      | Reached skill level 5 in Earth Magic
  3108 | D:4      | Found a broken altar of Ashenzari.
  3152 | D:4      | Reached XP level 5. HP: 28/28 MP: 9/9
  3565 | D:4      | Found a staircase to the Ecumenical Temple.
  3623 | Temple   | Entered the Ecumenical Temple
  3827 | Temple   | Became a worshipper of Vehumet
  3893 | D:5      | Entered Level 5 of the Dungeon
  4011 | D:5      | Reached XP level 6. HP: 32/32 MP: 8/11
  4239 | D:5      | Found a large runed translucent door.
  4239 | D:5      | Found a large runed translucent door.
  4249 | D:5      | Reached skill level 6 in Earth Magic
  4254 | D:5      | Noticed an orc warrior
  4255 | D:5      | Reached skill level 1 in Fighting
  4255 | D:5      | Reached skill level 1 in Armour
  4255 | D:5      | Reached XP level 7. HP: 38/38 MP: 9/13
  4445 | D:5      | Found a large runed translucent door.
  4445 | D:5      | Found a large runed translucent door.
  4476 | D:5      | Noticed a wraith
  4494 | D:5      | Killed a wraith
  4693 | D:5      | Noticed Prince Ribbit
  4699 | D:5      | Killed Prince Ribbit
  4700 | D:5      | Reached XP level 8. HP: 30/45 MP: 2/15
  4881 | D:5      | Reached skill level 7 in Earth Magic
  4947 | D:5      | Reached skill level 5 in Spellcasting
  5018 | D:5      | Noticed Blork the orc
  5032 | D:5      | Killed Blork the orc
  5072 | D:5      | Noticed Sigmund
  5077 | D:5      | Killed Sigmund
  5077 | D:5      | Reached * piety under Vehumet
  5077 | D:5      | Offered knowledge of Freeze by Vehumet.
  5078 | D:5      | Reached skill level 5 in Conjurations
  5268 | D:5      | Identified the +2 helmet of the Arena {Fly rF++ Will+++
                  | Int-3}
  5495 | D:5      | Reached XP level 9. HP: 52/52 MP: 11/17
  5526 | D:5      | Got the Catalogue of Necromancy and Confrontation
  5534 | D:5      | Got The Advanced Guide to Witchcraft
  5545 | D:5      | Learned a level 2 spell: Passwall
  6083 | D:6      | Reached skill level 8 in Earth Magic
  6463 | D:7      | Noticed a komodo dragon
  6469 | D:7      | Killed a komodo dragon
  6470 | D:7      | Reached skill level 5 in Fighting
  6470 | D:7      | Reached skill level 5 in Armour
  7050 | D:7      | Noticed Pikel
  7062 | D:7      | Killed Pikel
  7062 | D:7      | HP: 2/54 [orc/+0 short sword (2)]
  7063 | D:7      | Reached XP level 10. HP: 3/60 MP: 11/19
  7397 | D:7      | Reached skill level 9 in Earth Magic
  7459 | D:7      | Noticed Menkaure
  7461 | D:7      | Killed Menkaure
  8003 | D:8      | Noticed a two-headed ogre
  8067 | D:8      | Reached ** piety under Vehumet
  8078 | D:7      | Offered knowledge of Scorch by Vehumet.
  8386 | D:8      | Killed a two-headed ogre
  9048 | D:9      | Found a flagged portal.
  9067 | Bailey   | Entered a bailey
  9135 | Bailey   | Noticed an orc warlord
  9135 | Bailey   | Found the -2 hat of the Alchemist {rElec rPois rF+ rC+ rN+
                  | Will+ rMut rCorr}
  9139 | Bailey   | Offered knowledge of Ignite Poison by Vehumet.
  9171 | Bailey   | Noticed an orc knight
  9220 | Bailey   | Killed an orc knight
  9221 | Bailey   | Reached skill level 10 in Earth Magic
  9231 | Bailey   | Reached *** piety under Vehumet
  9360 | Bailey   | Found a runed translucent gate.
  9360 | Bailey   | Found a runed translucent gate.
  9360 | Bailey   | Found a runed translucent gate.
  9622 | Bailey   | Killed an orc warlord
  9623 | Bailey   | Reached XP level 11. HP: 67/67 MP: 5/22
  9700 | Bailey   | Identified the +4 dagger "Weud" {freeze, Int+4}
  9850 | D:9      | Noticed Grum
  9914 | D:9      | Killed Grum
  9914 | D:9      | Offered knowledge of Hailstorm by Vehumet.
 10699 | D:10     | Entered Level 10 of the Dungeon
 11005 | D:10     | Noticed a two-headed ogre
 11008 | D:10     | Killed a two-headed ogre
 11111 | D:10     | Found a staircase to the Orcish Mines.
 11229 | D:9      | Reached **** piety under Vehumet
 11333 | D:10     | Offered knowledge of Fireball by Vehumet.
 11340 | D:10     | Learned a level 5 spell: Fireball
 11600 | D:10     | Noticed a two-headed ogre
 11604 | D:10     | Killed a two-headed ogre
 11605 | D:10     | Reached skill level 11 in Earth Magic
 11742 | D:10     | Noticed a fire dragon
 11746 | D:10     | Noticed a cyclops
 11748 | D:10     | Killed a fire dragon
 11961 | D:10     | Killed a cyclops
 12158 | D:10     | Noticed a cyclops
 12162 | D:10     | Killed a cyclops
 12171 | D:10     | Noticed a cyclops
 12177 | D:10     | Killed a cyclops
 12178 | D:10     | Reached XP level 12. HP: 55/75 MP: 13/24
 12269 | D:10     | Noticed an ogre mage
 12273 | D:10     | Killed an ogre mage
 12349 | D:10     | Identified the +8 hunting sling "Mot Zew" {flame, rN+
                  | Will++ Int+4}
 12381 | D:10     | HP: 1/75 [cyclops (23)]
 12989 | D:11     | Found a staircase to the Lair.
 13332 | D:11     | Noticed a boulder beetle
 13444 | D:11     | Noticed a boulder beetle
 13449 | D:11     | Killed a boulder beetle
 13450 | D:11     | Reached skill level 10 in Conjurations
 13648 | D:11     | Reached skill level 12 in Earth Magic
 13719 | D:11     | Noticed a two-headed ogre
 13735 | D:11     | Killed a two-headed ogre
 13840 | D:11     | Noticed a centaur warrior
 13854 | D:11     | Killed a centaur warrior
 14259 | D:11     | Noticed an alligator
 14261 | D:11     | Noticed a bunyip
 14273 | D:11     | Killed a bunyip
 14346 | D:11     | Killed a boulder beetle
 14347 | D:11     | Reached skill level 10 in Fighting
 14347 | D:11     | Reached skill level 10 in Armour
 14385 | D:11     | Reached XP level 13. HP: 67/82 MP: 15/26
 15320 | Lair:1   | Entered Level 1 of the Lair of Beasts
 15352 | Lair:1   | Reached ***** piety under Vehumet
 15445 | Lair:1   | Offered knowledge of Eringya's Noxious Bog by Vehumet.
 15595 | Lair:1   | Reached skill level 13 in Earth Magic
 15761 | Lair:1   | You are sucked into a shaft and drop 1 floor!
 15788 | Lair:2   | Reached skill level 10 in Spellcasting
 15838 | Lair:1   | Noticed Maggie
 15844 | Lair:1   | Killed Maggie
 16305 | Lair:1   | Acquired a book of Annihilations
 16317 | Lair:1   | Learned a level 9 spell: Shatter
 17321 | Lair:2   | Gained mutation: Your large and strong wings let you fly.
                  | [Gargoyle growth]
 17321 | Lair:2   | Reached XP level 14. HP: 90/90 MP: 22/28
 17553 | Lair:2   | Noticed Nergalle
 17640 | Lair:2   | Killed Nergalle
 19168 | Lair:4   | Found a hole to the Spider Nest.
 19173 | Lair:4   | Offered knowledge of Sticky Flame by Vehumet.
 19577 | Lair:4   | Identified the +10 flail of Laceration {flame, Will+ rCorr
                  | Str+4 Int-2}
 19796 | Lair:4   | Found a staircase to the Swamp.
 20261 | Lair:5   | Found a transporter.
 20392 | Lair:5   | Reached skill level 14 in Earth Magic
 21182 | Lair:5   | Found a transporter.
 21209 | Lair:5   | Noticed Snorg
 21815 | Lair:5   | Killed Snorg
 21860 | Lair:6   | Entered Level 6 of the Lair of Beasts
 21884 | Lair:6   | Acquired a staff of conjuration
 22345 | Lair:6   | Offered knowledge of Lee's Rapid Deconstruction by Vehumet.
 22352 | Lair:6   | Learned a level 5 spell: Lee's Rapid Deconstruction
 22800 | Lair:5   | Got Fagaf's Guide on Feathery Dark Secrets
 22868 | Lair:6   | Reached skill level 5 in Dodging
 22929 | Lair:6   | Reached XP level 15. HP: 86/96 MP: 18/30
 23009 | Lair:6   | Found a staircase to the Slime Pits.
 24140 | Lair:6   | Slain by a death yak

Illustrated notes

Levels and vault maps discovered:
D:1:      eino_arrival_cavern_d, layout_rooms,
          dreamdust_ecumenical_altar_angels_and_demons
D:2:      layout_basic
D:3:      layout_loops_corners
D:4:      layout_basic, evilmike_ruin_ashenzari,
          minmay_temple_entry_enclosed_plants
D:5:      layout_basic, minmay_hollow_rounded_squares, uniq_prince_ribbit1,
          uniq_sigmund, uniq_blork_the_orc
D:6:      layout_basic
D:7:      layout_gridville, uniq_pikel, uniq_menkaure
D:8:      layout_basic
D:9:      layout_small_grid, enter_bailey_3, hangedman_decor_slide_cut,
          minmay_crystal_water, uniq_grum
D:10:     layout_loops_ring, orc_0_dummy, minmay_evil_grid
D:11:     hangedman_cross_cluster, layout_irregular_city,
          portal_ice_cave_entry_ice_simulacra,
          hangedman_abyss_or_decor_lesser_grid
Temple:   mainiacjoe_temple_archimedes_tessellation
Lair:1:   layout_gridlike, st_stairs_13, grunt_megastairs_3, uniq_maggie
Lair:2:   layout_concentric_octagons, beast_lair_carwin_10, uniq_nergalle
Lair:3:   layout_regular_city, beast_lair_carwin_9, serial_bayou_shore_a,
          lemuel_fruit_fields
Lair:4:   layout_regular_city, minmay_swamp_entry_wisps,
          nicolae_spider_entry_tight_spaces
Lair:5:   gammafunk_cloud_chamber, layout_gridlike, patterned_corridor,
          grunt_megastairs_5, infiniplex_staircase_pool, uniq_snorg
Lair:6:   grunt_lair_end_beastmaster, layout_cave_pods,
          minmay_slime_entry_jelly_boxes

Skill      XL: |  1  2  3  4  5  6  7  8  9 10 11 12 13 14 |
---------------+-------------------------------------------+-----
Earth Magic    | 4 5 6 7 8 10 11 12 13 14 | 14.8
Spellcasting   | 3 4 5 6 7 8 9 10 11 | 11.4
Conjurations   | 1 2 3 4 5 6 8 9 10 11 12 | 12.9
Fighting       | 1 2 4 5 7 8 10 11 12 | 12.4
Armour         | 1 2 4 5 7 8 10 11 12 | 12.4
Dodging        | 3 5 |  5.5
Stealth        | |  2.1
Transmutations | |  0.7

Action                   |  1- 3 |  4- 6 |  7- 9 | 10-12 | 13-15 || total
-------------------------+-------+-------+-------+-------+-------++-------
Melee: Mace              |    79 |    37 |       |       |       ||   116
       Whip              |       |    31 |    25 |       |       ||    56
       Punch             |       |     1 |     1 |       |       ||     2
       Hand axe          |       |       |    13 |       |       ||    13
       Dagger            |       |       |       |     2 |       ||     2
       Flail             |       |       |       |       |    21 ||    21
       Morningstar       |       |       |       |       |     4 ||     4
       Staff             |       |       |       |       |     3 ||     3
 Fire: Hunting sling     |       |       |       |    22 |     6 ||    28
 Cast: Sandblast         |    25 |    36 |    13 |     1 |     2 ||    77
       Stone Arrow       |       |       |   107 |   358 |   696 ||  1161
       Lee's Rapid Decon |       |       |       |       |     6 ||     6
  Use: Scroll            |       |    12 |     4 |     7 |    11 ||    34
 Stab: Sleeping          |     4 |       |       |       |       ||     4
Armor: Robe              |    34 |     1 |       |       |       ||    35
       Ring mail         |       |    48 |    60 |   141 |   336 ||   585
Dodge: Dodged            |    62 |    44 |    45 |   101 |   334 ||   586
Block: Buckler           |       |       |     2 |    28 |    57 ||    87

Table legend: (Time is in decaauts)
 A = Elapsed time spent in this place.
 B = Non-inter-level travel time spent in this place.
 C = Inter-level travel time spent in this place.
 D = Time resting spent in this place.
 E = Time spent auto-exploring this place.
 F = Levels seen in this place.
 G = Mean time per level.
                   A        B        C        D        E       F      G
               +--------+--------+--------+--------+--------+-----+--------+
         Total |  24243 |  23676 |    567 |   2031 |  16740 |  19 | 1275.9 |
       Dungeon |  14427 |  14078 |    349 |   1163 |  10307 |  11 | 1311.5 |
        Temple |    246 |    246 |      0 |      0 |    147 |   1 |  246.0 |
          Lair |   8841 |   8623 |    218 |    850 |   5827 |   6 | 1473.5 |
        Bailey |    727 |    727 |      0 |     18 |    459 |   1 |  727.0 |
               +--------+--------+--------+--------+--------+-----+--------+

Top non-repeatable levels by time:
    D:11: 2228 daAuts
  Lair:6: 1969 daAuts
  Lair:2: 1838 daAuts
     D:7: 1818 daAuts
    D:10: 1802 daAuts
     D:5: 1627 daAuts
  Lair:5: 1619 daAuts
     D:9: 1617 daAuts
  Lair:4: 1447 daAuts
     D:2: 1068 daAuts
     D:3: 1022 daAuts
  Lair:1: 1013 daAuts
     D:4: 1012 daAuts
  Lair:3: 954 daAuts
     D:8: 855 daAuts
